2364 views
Uploaded 2022-04-16 23:59:51
Game version 1.32.10
45:33 long 2on2 ladder game on (4)TwistedMeadows
Saved by Cabeelibob
2364 views
Uploaded 2022-04-16 23:59:51
Game version 1.32.10
45:33 long 2on2 ladder game on (4)TwistedMeadows


107 units @ 17.7k
/ 3k
101 buildings @ 15.1k
/ 8.1k


| Rod of Necromancy | 1 | 150 |
| Orb of Corruption | 1 | 375 |
| Scroll of Town Portal | 1 | 350 |
| total: | 3 | 875g |
| Acolyte | 8 | 600 | / | 0 |
| Crypt Fiend | 11 | 2365 | / | 440 |
| Ghoul | 4 | 480 | / | 0 |
| Meat Wagon | 9 | 2070 | / | 450 |
| Goblin Zeppelin | 3 | 720 | / | 180 |
| total: | 35 | 6235g | / | 1070w |
| Nerubian Tower | 1 | 100 | / | 20 |
| Spirit Tower | 10 | 1450 | / | 400 |
| Altar of Darkness | 1 | 180 | / | 50 |
| Ziggurat | 19 | 2850 | / | 950 |
| Graveyard | 1 | 215 | / | 0 |
| Tomb of Relics | 1 | 130 | / | 30 |
| Crypt | 1 | 200 | / | 50 |
| Necropolis | 1 | 225 | / | 0 |
| Slaughterhouse | 1 | 140 | / | 135 |
| Sacrificial Pit | 1 | 75 | / | 150 |
| Boneyard | 1 | 175 | / | 200 |
| Halls of the Dead | 1 | 320 | / | 210 |
| Black Citadel | 1 | 325 | / | 230 |
| total: | 27 | 4190g | / | 1565w |
| 0:03 | Acolyte |
| 0:07 | Altar of Darkness |
| 0:09 | Ziggurat |
| 0:17 | Acolyte |
| 0:38 | Graveyard |
| 1:00 | Tomb of Relics |
| 1:11 | Crypt |
| 2:00 | Ziggurat |
| 2:14 | Crypt Fiend |
| 2:17 | Death Coil |
| 2:27 | Rod of Necromancy |
| 2:44 | Ghoul |
| 3:02 | Crypt Fiend |
| 3:32 | Crypt Fiend |
| 3:39 | Ziggurat |
| 4:10 | Crypt Fiend |
| 4:38 | Crypt Fiend |
| 5:07 | Unholy Aura |
| 5:19 | Halls of the Dead |
| 5:31 | Crypt Fiend |
| 5:35 | Creature Attack |
| 5:43 | Ziggurat |
| 6:00 | Crypt Fiend |
| 6:17 | Nerubian Tower |
| 7:00 | Crypt Fiend |
| 7:01 | Creature Carapace |
| 8:03 | Ghoul |
| 8:17 | Ziggurat |
| 8:24 | Death Coil |
| 8:57 | Frost Armor |
| 9:15 | Slaughterhouse |
| 9:45 | Ghoul |
| 10:06 | Frost Nova |
| 10:21 | Acolyte |
| 10:59 | Unholy Aura |
| 11:11 | Necropolis |
| 11:16 | Meat Wagon |
| 11:38 | Black Citadel |
| 12:12 | Frost Armor |
| 12:36 | Meat Wagon |
| 12:48 | Acolyte |
| 12:49 | Acolyte |
| 12:49 | Acolyte |
| 12:50 | Acolyte |
| 13:39 | Ziggurat |
| 13:40 | Ziggurat |
| 13:45 | Meat Wagon |
| 13:48 | Unholy Strength |
| 14:26 | Orb of Corruption |
| 14:32 | Meat Wagon |
| 14:45 | Goblin Zeppelin |
| 15:00 | Improved Creature Attack |
| 15:07 | Web |
| 15:19 | Meat Wagon |
| 15:30 | Spirit Tower |
| 16:25 | Meat Wagon |
| 16:42 | Spirit Tower |
| 16:54 | Improved Creature Carapace |
| 17:29 | Meat Wagon |
| 18:24 | Improved Unholy Strength |
| 18:45 | Acolyte |
| 19:17 | Frost Nova |
| 20:02 | Burrow |
| 20:06 | Advanced Creature Carapace |
| 20:25 | Crypt Fiend |
| 21:33 | Spirit Tower |
| 21:35 | Ziggurat |
| 21:36 | Ziggurat |
| 22:46 | Spirit Tower |
| 23:37 | Ziggurat |
| 23:38 | Ziggurat |
| 23:39 | Ziggurat |
| 23:40 | Ziggurat |
| 24:09 | Crypt Fiend |
| 24:09 | Crypt Fiend |
| 24:13 | Unholy Aura |
| 24:37 | Spirit Tower |
| 24:45 | Scroll of Town Portal |
| 26:54 | Advanced Creature Attack |
| 27:09 | Ghoul |
| 27:27 | Meat Wagon |
| 27:28 | Meat Wagon |
| 35:21 | Goblin Zeppelin |
| 40:04 | Ziggurat |
| 40:07 | Ziggurat |
| 40:10 | Ziggurat |
| 40:16 | Ziggurat |
| 40:17 | Ziggurat |
| 41:07 | Spirit Tower |
| 41:08 | Spirit Tower |
| 41:18 | Spirit Tower |
| 41:42 | Spirit Tower |
| 42:00 | Spirit Tower |
| 43:30 | Sacrificial Pit |
| 44:14 | Goblin Zeppelin |
| 44:23 | Frost Nova |
| 44:59 | Boneyard |
| 45:04 | Ziggurat |
| Right click | 1538 |
| Select | 571 |
| Select group | 367 |
| Build/train/purchase | 100 |
| Misc. action | 53 |
| Use ability | 47 |
| Chat | 40 |
| Assign group | 29 |
| Minimap ping | 25 |
| Resource trade | 9 |
| Item give/drop | 8 |



| Healing Salve | 8 | 800 |
| Lesser Clarity Potion | 2 | 140 |
| Scroll of Speed | 1 | 50 |
| Tiny Great Hall | 1 | 600 |
| Orb of Lightning | 1 | 375 |
| Scroll of Town Portal | 1 | 350 |
| total: | 14 | 2315g |
| Peon | 18 | 1350 | / | 0 |
| Grunt | 9 | 1800 | / | 0 |
| Troll Witch Doctor | 8 | 1160 | / | 200 |
| Shaman | 2 | 260 | / | 40 |
| Tauren | 4 | 1120 | / | 320 |
| Demolisher | 4 | 880 | / | 200 |
| Troll Batrider | 22 | 3520 | / | 880 |
| Goblin Zeppelin | 4 | 960 | / | 240 |
| Goblin Shredder | 1 | 375 | / | 100 |
| total: | 72 | 11425g | / | 1980w |
| Watch Tower | 44 | 4840 | / | 3520 |
| Altar of Storms | 1 | 180 | / | 50 |
| Orc Burrow | 6 | 960 | / | 240 |
| Barracks | 2 | 360 | / | 100 |
| Voodoo Lounge | 3 | 390 | / | 90 |
| War Mill | 2 | 410 | / | 0 |
| Great Hall | 6 | 2310 | / | 1110 |
| Beastiary | 7 | 1015 | / | 980 |
| Spirit Lodge | 2 | 300 | / | 300 |
| Tauren Totem | 1 | 135 | / | 155 |
| Stronghold | 3 | 945 | / | 570 |
| Fortress | 1 | 325 | / | 190 |
| total: | 74 | 10900g | / | 6545w |
| 0:02 | Altar of Storms |
| 0:04 | Peon |
| 0:08 | Orc Burrow |
| 0:15 | Peon |
| 0:30 | Barracks |
| 0:31 | Barracks |
| 0:38 | Peon |
| 0:38 | Peon |
| 1:01 | Peon |
| 1:17 | Peon |
| 1:26 | Voodoo Lounge |
| 1:32 | Peon |
| 1:37 | Grunt |
| 1:37 | Grunt |
| 1:45 | Peon |
| 2:04 | Feral Spirit |
| 2:19 | Peon |
| 2:40 | Stronghold |
| 2:44 | Orc Burrow |
| 3:36 | Grunt |
| 3:49 | Orc Burrow |
| 4:08 | Grunt |
| 4:24 | Healing Salve |
| 4:24 | Healing Salve |
| 4:24 | Lesser Clarity Potion |
| 4:25 | Scroll of Speed |
| 4:46 | Grunt |
| 5:26 | Grunt |
| 5:30 | Beastiary |
| 5:33 | Spirit Lodge |
| 5:39 | Frost Arrows |
| 6:01 | Grunt |
| 6:04 | Spirit Lodge |
| 6:50 | Grunt |
| 6:56 | Orc Burrow |
| 6:59 | Orc Burrow |
| 7:30 | Fortress |
| 7:41 | Chain Lighting |
| 8:15 | Forked Lightning |
| 8:44 | Goblin Zeppelin |
| 8:52 | Witch Doctor Adept Training |
| 9:12 | Berserker Strength |
| 9:13 | Shaman Adept Training |
| 10:41 | Grunt |
| 10:42 | Troll Witch Doctor |
| 10:43 | Witch Doctor Master Training |
| 10:44 | Shaman Master Training |
| 10:44 | Shaman |
| 11:08 | Chain Lighting |
| 11:31 | Tauren Totem |
| 11:34 | Pillage |
| 11:52 | Troll Witch Doctor |
| 11:57 | War Mill |
| 12:00 | Burning Oil |
| 12:13 | Healing Salve |
| 12:13 | Healing Salve |
| 12:18 | Peon |
| 12:19 | Peon |
| 12:19 | Peon |
| 12:45 | Troll Witch Doctor |
| 12:47 | Shaman |
| 13:19 | Frost Arrows |
| 13:22 | Pulverize |
| 13:24 | Tauren |
| 13:31 | Demolisher |
| 13:34 | Orc Burrow |
| 14:14 | Tiny Great Hall |
| 14:36 | Endurance Aura |
| 14:42 | Demolisher |
| 15:35 | Tauren |
| 15:49 | Goblin Shredder |
| 15:59 | Forked Lightning |
| 16:17 | Demolisher |
| 16:28 | Tauren |
| 16:48 | Reinforced Defenses |
| 16:54 | Demolisher |
| 17:00 | Troll Witch Doctor |
| 17:45 | Tauren |
| 18:32 | Beastiary |
| 18:33 | Beastiary |
| 18:45 | Healing Salve |
| 18:46 | Healing Salve |
| 18:46 | Lesser Clarity Potion |
| 18:48 | Orb of Lightning |
| 18:48 | Scroll of Town Portal |
| 19:33 | Troll Witch Doctor |
| 19:34 | Troll Witch Doctor |
| 20:00 | Liquid Fire |
| 20:02 | Troll Batrider |
| 20:03 | Troll Batrider |
| 21:13 | Great Hall |
| 21:25 | Watch Tower |
| 21:26 | Watch Tower |
| 21:28 | Watch Tower |
| 21:30 | Watch Tower |
| 21:34 | Peon |
| 21:35 | Peon |
| 21:35 | Peon |
| 21:47 | Feral Spirit |
| 21:49 | Shockwave |
| 21:52 | Voodoo Lounge |
| 22:42 | War Mill |
| 22:58 | Great Hall |
| 23:21 | Troll Witch Doctor |
| 23:22 | Troll Witch Doctor |
| 23:57 | Watch Tower |
| 23:57 | Watch Tower |
| 23:59 | Watch Tower |
| 24:29 | Watch Tower |
| 25:01 | Watch Tower |
| 25:40 | Watch Tower |
| 26:36 | Watch Tower |
| 26:41 | Watch Tower |
| 27:11 | Watch Tower |
| 27:27 | Goblin Zeppelin |
| 28:00 | Watch Tower |
| 28:02 | Watch Tower |
| 29:26 | Stronghold |
| 29:40 | Great Hall |
| 29:41 | Watch Tower |
| 29:43 | Great Hall |
| 29:47 | Watch Tower |
| 29:51 | Goblin Zeppelin |
| 30:01 | Watch Tower |
| 31:41 | Watch Tower |
| 31:41 | Watch Tower |
| 31:46 | Watch Tower |
| 31:47 | Watch Tower |
| 31:48 | Watch Tower |
| 31:51 | Watch Tower |
| 32:00 | Beastiary |
| 32:01 | Beastiary |
| 32:09 | Voodoo Lounge |
| 32:18 | Peon |
| 32:21 | Watch Tower |
| 33:14 | Great Hall |
| 33:23 | Watch Tower |
| 33:27 | Watch Tower |
| 33:38 | Watch Tower |
| 33:39 | Watch Tower |
| 33:40 | Watch Tower |
| 33:42 | Watch Tower |
| 33:43 | Stronghold |
| 33:57 | Watch Tower |
| 34:17 | Watch Tower |
| 35:13 | Troll Batrider |
| 35:13 | Troll Batrider |
| 35:14 | Troll Batrider |
| 35:21 | Goblin Zeppelin |
| 35:43 | Watch Tower |
| 35:48 | Watch Tower |
| 36:11 | Troll Batrider |
| 36:11 | Troll Batrider |
| 36:41 | Troll Batrider |
| 36:43 | Troll Batrider |
| 36:51 | Healing Salve |
| 36:51 | Healing Salve |
| 37:20 | Troll Batrider |
| 37:21 | Troll Batrider |
| 38:12 | Watch Tower |
| 38:14 | Beastiary |
| 38:17 | Beastiary |
| 38:22 | Watch Tower |
| 38:23 | Peon |
| 38:24 | Peon |
| 38:58 | Watch Tower |
| 38:58 | Watch Tower |
| 39:00 | Watch Tower |
| 39:13 | Watch Tower |
| 39:15 | Watch Tower |
| 39:22 | Troll Batrider |
| 39:22 | Troll Batrider |
| 39:22 | Troll Batrider |
| 39:44 | Troll Batrider |
| 39:44 | Troll Batrider |
| 40:19 | Troll Batrider |
| 40:49 | Troll Batrider |
| 41:39 | Troll Batrider |
| 41:39 | Troll Batrider |
| 41:55 | Great Hall |
| 41:56 | Watch Tower |
| 41:58 | Watch Tower |
| 43:06 | Troll Batrider |
| 43:07 | Troll Batrider |
| Right click | 1798 |
| Select | 811 |
| Select group | 381 |
| Misc. action | 376 |
| Build/train/purchase | 150 |
| Use ability | 130 |
| Assign group | 113 |
| Remove unit | 10 |
| Resource trade | 5 |
| Esc | 3 |
| Item give/drop | 1 |
79 units @ 7.9k
/ 1.3k
183 buildings @ 10.7k
/ 5.4k


| Orb of Fire | 1 | 325 |
| Staff of Sanctuary | 1 | 250 |
| Boots of Speed | 2 | 500 |
| total: | 4 | 1075g |
| Peasant | 23 | 1725 | / | 0 |
| Mortar Team | 5 | 900 | / | 350 |
| Flying Machine | 26 | 2600 | / | 780 |
| Dragonhawk Rider | 5 | 1000 | / | 150 |
| total: | 59 | 6225g | / | 1280w |
| Scout Tower | 67 | 2010 | / | 1340 |
| Arcane Tower | 2 | 140 | / | 100 |
| Guard Tower | 27 | 1890 | / | 1350 |
| Altar of Kings | 2 | 360 | / | 100 |
| Farm | 22 | 1760 | / | 440 |
| Lumber Mill | 2 | 240 | / | 0 |
| Town Hall | 1 | 385 | / | 205 |
| Blacksmith | 1 | 140 | / | 60 |
| Arcane Vault | 3 | 390 | / | 90 |
| Workshop | 3 | 420 | / | 420 |
| Gryphon Aviary | 1 | 140 | / | 150 |
| Keep | 1 | 320 | / | 210 |
| Castle | 1 | 360 | / | 210 |
| total: | 102 | 5845g | / | 2805w |
| 0:01 | Peasant |
| 0:02 | Peasant |
| 0:05 | Altar of Kings |
| 0:07 | Peasant |
| 0:17 | Farm |
| 0:18 | Peasant |
| 0:31 | Peasant |
| 0:42 | Farm |
| 0:43 | Scout Tower |
| 0:45 | Peasant |
| 1:10 | Lumber Mill |
| 1:11 | Peasant |
| 1:19 | Peasant |
| 1:34 | Arcane Tower |
| 1:42 | Farm |
| 1:47 | Peasant |
| 2:11 | Improved Lumber Harvesting |
| 2:14 | Peasant |
| 2:18 | Storm Bolt |
| 2:39 | Peasant |
| 2:39 | Peasant |
| 2:39 | Peasant |
| 2:47 | Storm Bolt |
| 3:20 | Peasant |
| 3:35 | Scout Tower |
| 3:49 | Arcane Tower |
| 3:51 | Scout Tower |
| 3:55 | Scout Tower |
| 4:00 | Peasant |
| 4:02 | Scout Tower |
| 4:03 | Scout Tower |
| 4:03 | Scout Tower |
| 4:05 | Guard Tower |
| 4:06 | Scout Tower |
| 4:27 | Guard Tower |
| 4:34 | Scout Tower |
| 4:34 | Scout Tower |
| 4:35 | Scout Tower |
| 4:35 | Scout Tower |
| 4:39 | Guard Tower |
| 4:54 | Scout Tower |
| 4:55 | Scout Tower |
| 5:00 | Scout Tower |
| 5:07 | Guard Tower |
| 5:08 | Scout Tower |
| 5:08 | Scout Tower |
| 5:09 | Scout Tower |
| 5:10 | Scout Tower |
| 5:12 | Guard Tower |
| 5:27 | Town Hall |
| 5:30 | Guard Tower |
| 5:37 | Guard Tower |
| 5:38 | Scout Tower |
| 5:39 | Scout Tower |
| 5:40 | Scout Tower |
| 5:41 | Scout Tower |
| 6:13 | Guard Tower |
| 6:47 | Keep |
| 6:52 | Guard Tower |
| 6:59 | Guard Tower |
| 7:14 | Improved Masonry |
| 7:34 | Peasant |
| 7:34 | Peasant |
| 7:37 | Peasant |
| 8:16 | Blacksmith |
| 8:21 | Scout Tower |
| 8:21 | Scout Tower |
| 8:22 | Scout Tower |
| 8:49 | Scout Tower |
| 8:50 | Scout Tower |
| 9:08 | Guard Tower |
| 9:14 | Castle |
| 9:18 | Guard Tower |
| 9:28 | Scout Tower |
| 9:29 | Scout Tower |
| 9:29 | Scout Tower |
| 9:31 | Scout Tower |
| 9:31 | Scout Tower |
| 9:32 | Scout Tower |
| 9:46 | Guard Tower |
| 9:50 | Guard Tower |
| 10:03 | Guard Tower |
| 10:18 | Guard Tower |
| 11:20 | Guard Tower |
| 11:28 | Workshop |
| 11:28 | Black Gunpowder |
| 11:31 | Workshop |
| 11:34 | Workshop |
| 11:35 | Guard Tower |
| 11:39 | Iron Plating |
| 11:45 | Scout Tower |
| 11:46 | Scout Tower |
| 11:47 | Scout Tower |
| 12:28 | Advanced Lumber Harvesting |
| 12:29 | Guard Tower |
| 12:32 | Peasant |
| 12:32 | Peasant |
| 12:33 | Peasant |
| 12:59 | Flying Machine Bombs |
| 13:04 | Bash |
| 13:05 | Bash |
| 13:14 | Peasant |
| 13:14 | Peasant |
| 13:17 | Flak Cannons |
| 13:18 | Flare |
| 13:18 | Fragmentation Shards |
| 13:30 | Scout Tower |
| 13:37 | Refined Gunpowder |
| 13:43 | Farm |
| 13:44 | Farm |
| 13:44 | Farm |
| 13:47 | Farm |
| 13:49 | Farm |
| 13:49 | Farm |
| 13:50 | Farm |
| 13:55 | Farm |
| 14:03 | Mortar Team |
| 14:53 | Imbued Gunpowder |
| 15:26 | Flying Machine |
| 15:27 | Flying Machine |
| 15:27 | Flying Machine |
| 15:27 | Flying Machine |
| 15:27 | Flying Machine |
| 15:27 | Flying Machine |
| 15:28 | Flying Machine |
| 15:36 | Farm |
| 15:36 | Farm |
| 15:37 | Farm |
| 15:38 | Farm |
| 15:41 | Advanced Masonry |
| 16:12 | Arcane Vault |
| 16:13 | Arcane Vault |
| 16:22 | Gryphon Aviary |
| 16:27 | Flying Machine |
| 16:27 | Flying Machine |
| 16:27 | Flying Machine |
| 16:28 | Steel Plating |
| 18:18 | Flying Machine |
| 18:18 | Flying Machine |
| 18:18 | Flying Machine |
| 18:54 | Imbued Masonry |
| 19:37 | Cloud |
| 19:38 | Dragonhawk Rider |
| 19:38 | Dragonhawk Rider |
| 19:54 | Scout Tower |
| 19:59 | Lumber Mill |
| 20:28 | Holy Light |
| 20:30 | Divine Shield |
| 20:35 | Farm |
| 20:37 | Farm |
| 20:40 | Farm |
| 20:42 | Farm |
| 21:31 | Guard Tower |
| 22:53 | Scout Tower |
| 22:54 | Scout Tower |
| 22:54 | Scout Tower |
| 22:55 | Scout Tower |
| 22:56 | Scout Tower |
| 22:58 | Scout Tower |
| 22:58 | Scout Tower |
| 23:54 | Guard Tower |
| 24:34 | Guard Tower |
| 24:37 | Scout Tower |
| 24:39 | Scout Tower |
| 25:49 | Guard Tower |
| 27:10 | Mithril Plating |
| 27:57 | Storm Bolt |
| 27:58 | Storm Bolt |
| 29:15 | Mortar Team |
| 29:48 | Flying Machine |
| 29:49 | Flying Machine |
| 32:26 | Holy Light |
| 32:27 | Holy Light |
| 32:33 | Scout Tower |
| 32:33 | Scout Tower |
| 32:34 | Scout Tower |
| 32:34 | Scout Tower |
| 32:35 | Scout Tower |
| 32:35 | Scout Tower |
| 32:36 | Scout Tower |
| 32:49 | Scout Tower |
| 32:49 | Scout Tower |
| 32:50 | Scout Tower |
| 32:51 | Scout Tower |
| 32:51 | Scout Tower |
| 33:44 | Guard Tower |
| 33:46 | Guard Tower |
| 33:49 | Mortar Team |
| 33:57 | Altar of Kings |
| 34:33 | Bash |
| 34:37 | Scout Tower |
| 34:37 | Scout Tower |
| 34:38 | Scout Tower |
| 34:38 | Scout Tower |
| 35:04 | Scout Tower |
| 35:16 | Flying Machine |
| 35:17 | Flying Machine |
| 35:17 | Flying Machine |
| 35:18 | Flying Machine |
| 35:22 | Dragonhawk Rider |
| 35:23 | Dragonhawk Rider |
| 35:33 | Guard Tower |
| 35:41 | Guard Tower |
| 35:43 | Scout Tower |
| 35:50 | Farm |
| 35:52 | Farm |
| 36:13 | Farm |
| 37:28 | Scout Tower |
| 40:25 | Bash |
| 40:26 | Divine Shield |
| 40:27 | Divine Shield |
| 41:10 | Mortar Team |
| 41:36 | Mortar Team |
| 41:57 | Boots of Speed |
| 42:01 | Boots of Speed |
| 42:15 | Flying Machine |
| 42:15 | Flying Machine |
| 42:15 | Flying Machine |
| 42:15 | Flying Machine |
| 42:15 | Flying Machine |
| 42:16 | Flying Machine |
| 42:18 | Flying Machine |
| 42:20 | Dragonhawk Rider |
| 43:34 | Arcane Vault |
| 43:42 | Orb of Fire |
| 43:43 | Staff of Sanctuary |
| Right click | 1918 |
| Select | 636 |
| Select group | 622 |
| Build/train/purchase | 159 |
| Misc. action | 146 |
| Use ability | 128 |
| Assign group | 17 |
| Minimap ping | 16 |
| Esc | 14 |
| Item give/drop | 2 |
| Remove unit | 2 |
Cabeelibob
(194)
(45:32) : 
| Peasant | 19 | 1425 | / | 0 |
| Goblin Zeppelin | 1 | 240 | / | 60 |
| total: | 20 | 1665g | / | 60w |
| Scout Tower | 68 | 2040 | / | 1360 |
| Arcane Tower | 13 | 910 | / | 650 |
| Guard Tower | 29 | 2030 | / | 1450 |
| Altar of Kings | 2 | 360 | / | 100 |
| Farm | 4 | 320 | / | 80 |
| Lumber Mill | 2 | 240 | / | 0 |
| Town Hall | 5 | 1925 | / | 1025 |
| Keep | 1 | 320 | / | 210 |
| Castle | 1 | 360 | / | 210 |
| total: | 81 | 4885g | / | 2565w |
| 0:03 | Altar of Kings |
| 0:07 | Farm |
| 0:13 | Peasant |
| 0:26 | Peasant |
| 0:34 | Peasant |
| 0:41 | Farm |
| 0:46 | Lumber Mill |
| 0:48 | Peasant |
| 0:57 | Peasant |
| 1:12 | Peasant |
| 1:15 | Peasant |
| 1:23 | Scout Tower |
| 1:49 | Peasant |
| 1:51 | Arcane Tower |
| 1:53 | Farm |
| 1:56 | Farm |
| 1:58 | Peasant |
| 2:19 | Peasant |
| 2:25 | Peasant |
| 2:57 | Peasant |
| 3:08 | Peasant |
| 3:10 | Improved Masonry |
| 3:53 | Peasant |
| 3:54 | Peasant |
| 4:05 | Peasant |
| 4:19 | Scout Tower |
| 4:30 | Improved Lumber Harvesting |
| 4:31 | Peasant |
| 4:43 | Scout Tower |
| 4:45 | Scout Tower |
| 4:47 | Peasant |
| 5:03 | Peasant |
| 5:07 | Guard Tower |
| 5:12 | Guard Tower |
| 5:15 | Scout Tower |
| 5:19 | Guard Tower |
| 5:22 | Keep |
| 5:43 | Guard Tower |
| 5:45 | Scout Tower |
| 6:15 | Guard Tower |
| 6:20 | Scout Tower |
| 6:21 | Scout Tower |
| 6:49 | Scout Tower |
| 6:50 | Scout Tower |
| 7:04 | Scout Tower |
| 7:06 | Scout Tower |
| 7:13 | Scout Tower |
| 7:22 | Scout Tower |
| 7:23 | Scout Tower |
| 7:31 | Guard Tower |
| 7:32 | Guard Tower |
| 7:49 | Advanced Masonry |
| 7:52 | Guard Tower |
| 8:02 | Scout Tower |
| 8:03 | Scout Tower |
| 8:05 | Guard Tower |
| 8:13 | Guard Tower |
| 8:34 | Guard Tower |
| 8:37 | Scout Tower |
| 8:39 | Scout Tower |
| 9:05 | Guard Tower |
| 9:08 | Scout Tower |
| 9:10 | Scout Tower |
| 9:12 | Guard Tower |
| 9:17 | Holy Light |
| 9:45 | Arcane Tower |
| 9:46 | Arcane Tower |
| 9:48 | Scout Tower |
| 9:48 | Scout Tower |
| 10:09 | Scout Tower |
| 10:11 | Scout Tower |
| 10:27 | Arcane Tower |
| 10:40 | Guard Tower |
| 10:42 | Scout Tower |
| 10:42 | Scout Tower |
| 11:11 | Divine Shield |
| 11:24 | Guard Tower |
| 11:38 | Castle |
| 11:46 | Scout Tower |
| 11:47 | Scout Tower |
| 11:47 | Scout Tower |
| 12:17 | Arcane Tower |
| 12:19 | Guard Tower |
| 12:24 | Scout Tower |
| 12:24 | Scout Tower |
| 12:25 | Scout Tower |
| 12:41 | Scout Tower |
| 12:48 | Advanced Lumber Harvesting |
| 12:56 | Guard Tower |
| 12:59 | Guard Tower |
| 13:20 | Scout Tower |
| 13:23 | Guard Tower |
| 13:26 | Guard Tower |
| 13:49 | Scout Tower |
| 13:50 | Arcane Tower |
| 13:54 | Guard Tower |
| 13:56 | Scout Tower |
| 14:15 | Imbued Masonry |
| 14:21 | Arcane Tower |
| 14:23 | Scout Tower |
| 14:30 | Guard Tower |
| 14:33 | Scout Tower |
| 14:50 | Arcane Tower |
| 14:52 | Scout Tower |
| 15:11 | Guard Tower |
| 15:13 | Scout Tower |
| 15:18 | Scout Tower |
| 15:19 | Arcane Tower |
| 17:02 | Goblin Zeppelin |
| 19:35 | Scout Tower |
| 19:36 | Scout Tower |
| 19:38 | Scout Tower |
| 19:40 | Scout Tower |
| 19:44 | Town Hall |
| 21:29 | Guard Tower |
| 21:31 | Scout Tower |
| 21:34 | Scout Tower |
| 21:35 | Scout Tower |
| 21:37 | Scout Tower |
| 21:38 | Scout Tower |
| 22:43 | Town Hall |
| 24:36 | Arcane Tower |
| 28:45 | Town Hall |
| 28:50 | Scout Tower |
| 28:56 | Scout Tower |
| 28:57 | Scout Tower |
| 28:59 | Scout Tower |
| 33:22 | Altar of Kings |
| 33:52 | Arcane Tower |
| 34:02 | Scout Tower |
| 34:05 | Lumber Mill |
| 34:07 | Arcane Tower |
| 35:27 | Scout Tower |
| 35:30 | Scout Tower |
| 35:37 | Scout Tower |
| 35:45 | Scout Tower |
| 36:11 | Scout Tower |
| 36:12 | Guard Tower |
| 36:16 | Guard Tower |
| 36:24 | Scout Tower |
| 36:26 | Scout Tower |
| 39:05 | Guard Tower |
| 39:19 | Guard Tower |
| 41:47 | Scout Tower |
| 41:49 | Scout Tower |
| 41:51 | Scout Tower |
| 41:52 | Scout Tower |
| 43:05 | Town Hall |
| 43:25 | Arcane Tower |
| 43:29 | Scout Tower |
| 44:25 | Town Hall |
| Right click | 1235 |
| Select group | 956 |
| Select | 469 |
| Resource trade | 91 |
| Build/train/purchase | 87 |
| Assign group | 27 |
| Misc. action | 16 |
| Use ability | 16 |
| Chat | 11 |
| Minimap ping | 8 |
| Remove unit | 4 |